 Dungeon Crawl Stone Soup version 0.27-a0-385-g3208abaabc (webtiles) character file.

Game seed: 3051307432555245031

21 snetch the Magician (level 2, -1/15 HPs)
             Began as a Deep Elf Hedge Wizard on Feb 19, 2021.
             Slain by an adder (4 damage)
             ... on level 2 of the Dungeon.
             The game lasted 00:02:16 (1234 turns).

snetch the Magician (Deep Elf Hedge Wizard)         Turns: 1234, Time: 00:02:16

Health: -1/15      AC:  3    Str:  7    XL:     2   Next: 65%
Magic:  2/10       EV: 13    Int: 18    God:
Gold:   25         SH:  0    Dex: 14    Spells: 6/11 levels left

rFire    . . .     SeeInvis .   a - +0 dagger
rCold    . . .     Faith    .   (no shield)
rNeg     . . .     Spirit   .   b - +0 robe
rPois    .         Reflect  .   c - +0 hat
rElec    .         Harm     .   e - +0 cloak
rCorr    .         Rampage  .   (no gloves)
Will     .....                  (no boots)
Stlth    ++........             (no amulet)
HPRegen  0.05/turn              (no ring)
MPRegen  0.12/turn              (no ring)

@: lethally poisoned (-1 -> -9), attractive
A: no striking features
a: no special abilities


You were on level 2 of the Dungeon.
You visited 1 branch of the dungeon, and saw 2 of its levels.

You collected 25 gold pieces.

Inventory:

Hand Weapons
 a - a +0 dagger (weapon)
Missiles
 j - 23 stones
 k - 22 arrows
 l - 22 sling bullets
Armour
 b - a +0 robe (worn)
 c - a +0 hat (worn)
 e - a +0 cloak (worn)
Scrolls
 g - a scroll of immolation {unknown}
 h - a scroll of identify {unknown}
Potions
 d - a potion of attraction
 f - 2 potions of berserk rage {unknown}
 i - a potion of mutation {unknown}


   Skills:
 + Level 2.6 Dodging
 + Level 2.7 Stealth
 + Level 5.1 Spellcasting
 + Level 1.6 Conjurations
 + Level 1.1 Summonings
 + Level 1.1 Translocations


You had 6 spell levels left.
You knew the following spells:

 Your Spells              Type           Power        Failure   Level
a - Magic Dart            Conj           40%          7%          1
b - Blink                 Tloc           N/A          13%         2
c - Call Imp              Summ           8%           12%         2

Your spell library contained the following spells:

 Spells                   Type           Power        Failure   Level
 Slow                     Hex            4%           21%         2
 Conjure Flame            Conj/Fire      7%           28%         3
 Mephitic Cloud           Conj/Pois/Air  6%           32%         3


Dungeon Overview and Level Annotations

Branches:
Dungeon (2/15)

Altars:


Message History

The adder closely misses your crimson imp.
Your crimson imp misses the adder.
The adder bites your crimson imp.
Your magical contamination has completely faded away.
Found a ruby potion and 10 gold pieces.
Things that are here:
a +0 short sword; 4 stones; a kobold corpse Your crimson imp completely misses the adder.
You feel sick.
Your crimson imp barely misses the adder.
The adder bites you.
You are lethally poisoned!
The adder poisons you!
Things that are here:
a +0 short sword; 4 stones; a kobold corpse It was a potion of attraction.
You feel attractive to monsters. The adder closely misses you.
Your crimson imp barely misses the adder.
The adder closely misses you.
You hit the adder but do no damage.
The adder is heavily wounded.
You feel sick.
Your crimson imp closely misses the adder.
The adder completely misses you.
Unknown command.
You miss the adder.
The adder is heavily wounded.
Your crimson imp misses the adder.
The adder barely misses you.
Unknown command.
You closely miss the adder.
The adder is heavily wounded.
You feel sick. The adder bites you.
* * * LOW HITPOINT WARNING * * *
Your crimson imp closely misses the adder.
Unknown command.
You closely miss the adder.
The adder is heavily wounded.
The adder bites you but does no damage.
Your crimson imp hits the adder.
The adder bites you.
You die...

####### ####
##.....#.!...
##.<.S........
#...)5@.......
#.............
#..............$.!
#...#.....>.......
##..#.>.......[...
#[ #.............
# ##............
#......#....$
#.######..##


You could see an adder (ally target) and a friendly crimson imp (summoned).

Vanquished Creatures
  An ooze (D:1)
  2 goblins
  2 hobgoblins (D:1)
  4 kobolds (D:1)
  2 bats (D:1)
  A frilled lizard (D:1)
  3 rats (D:1)
15 creatures vanquished.

Vanquished Creatures (collateral kills)
  A worm (D:2)
  A kobold (D:2)
2 creatures vanquished.

Grand Total: 17 creatures vanquished

Notes
Turn   | Place    | Note
-------+----------+-------------------------------------------
     0 | D:1      | snetch the Deep Elf Hedge Wizard began the quest for the
                  | Orb.
     0 | D:1      | Reached XP level 1. HP: 10/10 MP: 7/7
   687 | D:1      | Reached XP level 2. HP: 12/15 MP: 3/9
   851 | D:1      | Learned a level 2 spell: Blink
   854 | D:1      | Learned a level 2 spell: Call Imp
  1212 | D:2      | Reached skill level 5 in Spellcasting
  1234 | D:2      | Slain by an adder

Illustrated notes

Levels and vault maps discovered:
D:1:      wander_arrival_lonely_grave, layout_loops_corners
D:2:      layout_rooms, serial_forest, infiniplex_forest_clump_medium,
          infiniplex_forest_straight_3, infiniplex_forest_zigzag_1,
          infiniplex_forest_straight_4, infiniplex_forest_diagonal,
          minmay_hexomino_c4

Skill      XL: |  1  2 |
---------------+-------+-----
Spellcasting   | 5 |  5.1
Dodging        | |  2.6
Stealth        | |  2.7
Conjurations   | |  1.6
Summonings     | |  1.1
Translocations | |  1.1

Action                   || total
-------------------------++-------
Melee: Dagger            ||    25
 Cast: Magic Dart        ||    40
       Call Imp          ||     4
  Use: Potion            ||     1
Armor: Robe              ||     5
Dodge: Dodged            ||    28

Table legend: (Time is in decaauts)
 A = Elapsed time spent in this place.
 B = Non-inter-level travel time spent in this place.
 C = Inter-level travel time spent in this place.
 D = Time resting spent in this place.
 E = Time spent auto-exploring this place.
 F = Levels seen in this place.
 G = Mean time per level.
                   A        B        C        D        E       F      G
               +--------+--------+--------+--------+--------+-----+--------+
         Total |   1233 |   1225 |      8 |      0 |   1070 |   2 |  616.5 |
       Dungeon |   1233 |   1225 |      8 |      0 |   1070 |   2 |  616.5 |
               +--------+--------+--------+--------+--------+-----+--------+

Top non-repeatable levels by time:
     D:1: 1205 daAuts
     D:2: 28 daAuts
